cohdb
Replays
Latest Replays
All Replays
Popular Replays
Top Player Replays
Match Explorer
How It Works
Community
CoH3 Stats
Reddit
Sign in to upload your games and track your stats! →
Sign in with Steam
Match 43123961
Unlisted
Match 43123961
Overview
Messages
Build Orders
End
Construct Section Command Post
Infantry Section
Infantry Section
Selects Air and Sea Battlegroup
Infantry Section
Grenade Package
Selects Supply Surplus
Construct Resource Cache
Construct Field Infirmary
Construct Platoon Command Post
Selects Commando Section Paradrop
6-pounder Anti-tank Gun Team
Commando Section Paradrop
Construct Resource Cache
Selects Commando Support Section Paradrop
Selects UNKNOWN (223837)
Construct Company Command Post
Infantry Training
Centaur IV Medium Tank
Selects Incendiary Bombing Run
Incendiary Bombing Run
Matilda II Heavy Tank
bigcheese
Einherjer
HOLIVE
soy_migueleitro
Raystag14
alejo
0
0
Comments
sign in to comment!
No comments posted yet!